 Dungeon Crawl Stone Soup version 0.21-a0-157-gb89e0e2 (webtiles) character file.

2014 namelastname112 the Summoner (level 9, 0/74 HPs)
             Began as a White Draconian Summoner on Aug 4, 2017.
             Slain by a bullfrog (6 damage)
             ... on level 7 of the Dungeon.
             The game lasted 00:14:09 (8739 turns).

namelastname112 the Summoner (DrSu)                 Turns: 8739, Time: 00:14:10

Health: 0/74       AC:  8    Str: 15    XL:     9   Next: 2%
Magic:  3/18       EV: 14    Int: 18    God:
Gold:   284        SH:  0    Dex: 13    Spells: 11/21 levels left

rFire    . . .     SeeInvis .   B - +3 flail (venom)
rCold    + + +     Gourm    +   (no shield)
rNeg     . . .     Faith    .   (armour unavailable)
rPois    .         Spirit   .   (helmet restricted)
rElec    .         Reflect  .   C - +0 cloak
rCorr    .         Harm     .   (no gloves)
MR       .....                  (no boots)
Stlth    ++........             i - amulet of the gourmand
HPRegen  0.22/turn              h - ring of protection from cold
MPRegen  0.16/turn              q - ring of protection from cold

@: mighty, short of breath, very slightly contaminated
A: breathe frost, unfitting armour, cold resistance 1, cold-blooded, AC +7
a: Breathe Frost


You were on level 7 of the Dungeon.
You were not hungry.

You visited 2 branches of the dungeon, and saw 8 of its levels.

You collected 284 gold pieces.

Inventory:

Hand Weapons
 B - a +3 flail of venom (weapon)
Armour
 v - a scarf of resistance
 C - a +0 cloak (worn)
Magical Staves
 z - an uncursed staff of air
Jewellery
 h - a ring of protection from cold (left hand)
 i - an amulet of the gourmand (around neck)
 l - an uncursed ring of ice
 q - a ring of protection from cold (right hand)
Wands
 r - a wand of clouds (2/9)
 u - a wand of clouds (5/9)
 D - a wand of lightning (6/15)
Scrolls
 c - a scroll of enchant weapon
 d - 9 scrolls of identify {unknown}
 e - a scroll of random uselessness {unknown}
 g - 3 scrolls of teleportation {unknown}
 k - a scroll of amnesia {unknown}
 m - 9 scrolls of remove curse {unknown}
 y - a scroll of noise {unknown}
 A - 2 scrolls of enchant armour {unknown}
 E - a scroll of fog {unknown}
Potions
 n - 2 potions of brilliance
 t - a potion of haste {unknown}
 w - a potion of resistance {unknown}
 F - a potion of agility {unknown}
Books
 a - a book of Callings

   Spells                             Type                      Level
   a - Summon Small Mammal            Summoning                    1
   b - Call Imp                       Summoning                    2
   c - Call Canine Familiar           Summoning                    3
   d - Summon Guardian Golem          Hexes/Summoning              3
   e - Summon Lightning Spire         Summoning/Air                4
   f - Summon Ice Beast               Ice/Summoning                4
Comestibles
 b - 6 bread rations
 f - 5 fruits
 j - 3 royal jellies
 s - 2 meat rations


   Skills:
 + Level 5.0 Fighting
 + Level 4.6 Dodging
 - Level 1.7 Stealth
 * Level 6.5 Spellcasting
 * Level 8.0 Summonings


You had 11 spell levels left.
You knew the following spells:

 Your Spells              Type           Power        Failure   Level  Hunger
a - Summon Small Mammal   Summ           ####         1%          1    None
c - Summon Lightning Spi  Summ/Air       ###.....     22%         4    ####...
x - Call Canine Familiar  Summ           ####....     1%          3    ##.....
z - Call Imp              Summ           ####....     1%          2    None


Dungeon Overview and Level Annotations

Branches:
Dungeon (7/15)             Temple (1/1) D:4

Altars:
Cheibriados
Dithmenos
Elyvilon
Fedhas
Gozag
Hepliaklqana
Kikubaaqudgha
Makhleb
Okawaru
Qazlal
Uskayaw
Wu Jian
Xom
Yredelemnul
Zin
The Shining One


Innate Abilities, Weirdness & Mutations

You can breathe waves of freezing cold.
You can buffet flying creatures when you breathe cold.
Your icy white scales are hard. (AC +7)
You cannot fit into any form of body armour.
Your flesh is cold resistant. (rC+)
You are cold-blooded and may be slowed by cold attacks.


Message History

Nothing appears to happen.
The bullfrog hits you but does no damage.
You now have 2/18 mp.
Casting: Summon Lightning Spire
Confirm with . or Enter, or press ? or * to list all spells.
You don't have enough magic to cast that spell.
Unknown command.
Unknown command.
You thump the bullfrog!
The bullfrog is poisoned.
The bullfrog is heavily wounded.
The bullfrog hits you but does no damage.
The bullfrog hits you.
* * * LOW HITPOINT WARNING * * *
You take 3 damage, and have 9/74 hp.
It was a potion of might.
You feel very mighty all of a sudden. The bullfrog hits you.
* * * LOW HITPOINT WARNING * * *
The bullfrog hits you.
You die...

#.#.....#.###....†####...#
#......>....'.....'..'...'
###.###9#.###.....####...#
###.#§.S#.# ####### #...#
#...#§###.# #####
#.###§)%.%# #.##.§§§..#
#.##.§.§..# #.##.....@#
#.##.....F# ###'##.....%+
#...........#
#..........%#
#...........#
#...........#
#.....####### #.....#


You could see a bullfrog.

Vanquished Creatures
  A centaur skeleton (D:6)
  A gargoyle (D:7)
  An orc warrior (D:6)
  An ice beast (D:7)
  A centaur (D:6)
  3 bullfrogs
  A crimson imp (D:7)
  A hound (D:7)
  A gnoll shaman (D:7)
  2 orc priests
  An orc wizard (D:6)
  2 worker ants
  8 adders
  3 gnolls
  A shadow imp (D:4)
  2 worms
  A dart slug (D:1)
  2 leopard geckos
  12 orcs
  12 giant cockroaches
  5 goblins
  2 hobgoblins
  4 jackals (D:4)
  3 kobolds
  A quokka (D:6)
  3 ball pythons
  7 bats
  4 frilled lizards
  3 rats
89 creatures vanquished.

Vanquished Creatures (collateral kills)
  The ghost of p0werm0de the Slasher, a novice DECK of Xom (D:6)
  A water moccasin (D:6)
  A sky beast (D:5)
  2 ogres (D:5)
  A centaur (D:5)
  A scorpion (D:5)
  A howler monkey (D:6)
  A quasit (D:3)
  2 hounds (D:4)
  An orc priest (D:4)
  2 orc wizards (D:6)
  An iguana (D:5)
  2 worker ants
  An adder (D:2)
  4 gnolls
  A howler monkey skeleton (D:5)
  An ooze (D:4)
  An adder skeleton (D:4)
  2 worms
  A leopard gecko (D:3)
  10 orcs
  3 giant cockroaches
  2 hobgoblins (D:2)
  2 jackals (D:1)
  A kobold (D:2)
  A quokka (D:2)
  A ball python (D:1)
  A bat (D:1)
  A frilled lizard (D:2)
  2 rats
52 creatures vanquished.

Grand Total: 141 creatures vanquished

Notes
Turn   | Place    | Note
-------+----------+-------------------------------------------
     0 | D:1      | namelastname112 the Draconian Summoner began the quest for the Orb.
     0 | D:1      | Reached XP level 1. HP: 14/14 MP: 3/3
   350 | D:1      | Reached XP level 2. HP: 9/22 MP: 1/5
  1023 | D:1      | Learned a level 2 spell: Call Imp
  1202 | D:2      | Found a stormy altar of Qazlal.
  1451 | D:2      | Reached XP level 3. HP: 18/27 MP: 2/6
  1587 | D:2      | Reached skill level 1 in Fighting
  2372 | D:3      | Learned a level 3 spell: Call Canine Familiar
  2413 | D:3      | Reached XP level 4. HP: 35/35 MP: 4/8
  2450 | D:3      | Found a faded altar of an unknown god.
  3232 | D:4      | HP: 1/36 [hound (2)]
  3236 | D:4      | Reached XP level 5. HP: 2/41 MP: 3/9
  3575 | D:4      | Found a staircase to the Ecumenical Temple.
  3583 | Temple   | Entered the Ecumenical Temple
  3798 | D:4      | Found a basalt altar of Yredelemnul.
  3979 | D:4      | Reached skill level 5 in Summonings
  4408 | D:4      | Found a burning altar of Makhleb.
  4893 | D:5      | Entered Level 5 of the Dungeon
  4895 | D:5      | Noticed a centaur
  4989 | D:5      | Killed a centaur
  4989 | D:5      | Reached XP level 6. HP: 26/50 MP: 3/11
  5323 | D:5      | Noticed a sky beast
  5349 | D:5      | Killed a sky beast
  6164 | D:5      | Your scales start taking on an icy white colour.
  6164 | D:5      | Reached XP level 7. HP: 31/57 MP: 3/13
  6164 | D:5      | Gained mutation: Your flesh is cold resistant. (rC+) [White Draconian growth]
  6836 | D:6      | Reached skill level 6 in Summonings
  7043 | D:6      | Reached skill level 5 in Spellcasting
  7331 | D:6      | Reached XP level 8. HP: 54/66 MP: 14/16
  7353 | D:6      | Found a hide-covered altar of Uskayaw.
  7354 | D:6      | Found an opulent altar of Gozag.
  7412 | D:6      | Noticed p0werm0de's ghost (novice DECK)
  7414 | D:6      | Reached skill level 7 in Summonings
  7487 | D:5      | Learned a level 4 spell: Summon Lightning Spire
  7802 | D:6      | Killed p0werm0de's ghost
  8152 | D:6      | epen: ты пидор
  8690 | D:7      | epen: ебать
  8694 | D:7      | Noticed a gargoyle
  8701 | D:7      | epen: гаргулий
  8709 | D:7      | namelastname112: сам пидор
  8725 | D:7      | epen: Имя
  8728 | D:7      | epen: к тебе приходит тян и говорит
  8728 | D:7      | epen: Я залетела
  8728 | D:7      | epen: чё делать будешь?
  8729 | D:7      | Killed a gargoyle
  8729 | D:7      | Reached skill level 5 in Fighting
  8729 | D:7      | Reached skill level 8 in Summonings
  8729 | D:7      | epen: кроме выпила офк
  8729 | D:7      | ReniFell: Бежать
  8729 | D:7      | namelastname112: дам бабла на аборт
  8729 | D:7      | ReniFell: Изи же
  8729 | D:7      | epen: лол
  8729 | D:7      | Reached XP level 9. HP: 10/74 MP: 5/18
  8732 | D:7      | epen: куда ему бежать?
  8734 | D:7      | epen: в армию))))))))
  8739 | D:7      | Slain by a bullfrog

Vault maps used:
D:1:      co_arrival_random_square_maze, nrook_loot_triangle
D:2:      grunt_qazlal_clouds
D:3:      chequers_ecumenical_altar_simple
D:4:      yredelemnul_altar_generic, makhleb_blood_cavern_becter,
          minmay_temple_entry_mist
D:5:      first_bread
D:6:      grunt_temple_overflow_open, minmay_misc_feat_five
Temple:   minmay_temple_curvy_loop

Skill      XL: |  1  2  3  4  5  6  7  8 |
---------------+-------------------------+-----
Dodging        | 2 3 4 |  4.6
Fighting       | 1 2 3 4 5 |  5.0
Spellcasting   | 3 4 5 6 |  6.5
Summonings     | 5 6 8 |  8.0
Stealth        | |  1.7

Action                   |  1- 3 |  4- 6 |  7- 9 || total
-------------------------+-------+-------+-------++-------
Melee: Unarmed           |   112 |       |       ||   112
       Tailslap          |    14 |    12 |    15 ||    41
       Dagger            |    41 |       |       ||    41
       Spear             |    44 |   202 |    24 ||   270
       Flail             |       |       |   106 ||   106
 Cast: Summon Small Mamm |     8 |       |       ||     8
       Call Imp          |     9 |    28 |     8 ||    45
       Call Canine Famil |     1 |    16 |     5 ||    22
       Summon Lightning  |       |       |     5 ||     5
 Abil: Breathe Frost     |       |       |     8 ||     8
Evoke: Wand              |       |       |     1 ||     1
  Use: Potion            |     2 |       |     3 ||     5
       Scroll            |       |       |     2 ||     2
 Stab: Distracted        |     2 |     1 |     1 ||     4
       Sleeping          |     1 |     1 |       ||     2
  Eat: Chunk             |     6 |    21 |     7 ||    34
Armor: Skin              |    72 |    67 |    43 ||   182
Dodge: Dodged            |   147 |   114 |   105 ||   366
